AoeStats
← Arttu

Lombardia

507947061Analyzed
2v2 RM · 13d ago on Sep 20, 2026· 46m 47s· 4 players
Game mode
Random Map
Map size
Medium (4 player)
Population
200
Speed
Normal
Resources
Standard
Victory
Conquest
Starting age
Dark Age
Ending age
Imperial Age
RankedLock teamsTeams togetherTeam positionsShared explorationLock speedFull tech treeHidden civsTurbo modeCheats
Victory
Defeat
🇫🇮 Koreans · Finland
1024
+12
🇫🇮 Inca · Finland
951
+16
🇩🇪 Wu · Germany
940
-14
🇩🇪 Teutons · Germany
936
-14
Hoodie Melo
7:21 Loom
9:57 Feudal Age
14:26 Castle Age
12:38 Double-Bit Axe
13:13 Horse Collar
16:34 Heavy Plow
17:09 Town Watch
18:05 Wheelbarrow
18:45 Bow Saw
21:38 Scale Mail Armor
22:39 Chain Mail Armor
22:42 Fletching
23:52 Forging
25:47 Squires
27:54 Iron Casting
29:55 Gold Mining
36:02 Hand Cart
39:55 Imperial Age
36:49 Pikeman
37:41 Treadmill Crane
38:12 Masonry
39:59 Gold Shaft Mining
42:19 Two-Man Saw
42:19 Plate Mail Armor
42:49 Blast Furnace
41:31 Halberdier
42:35 Ballistics
43:20 Blast Furnace
44:44 Bodkin Arrow
LeitW0LF
10:48 Feudal Age
18:08 Castle Age
16:32 Double-Bit Axe
16:48 Horse Collar
17:21 Gold Mining
17:47 Stone Mining
19:00 Wheelbarrow
19:25 Bow Saw
19:25 Heavy Plow
25:51 Forging
25:41 Scale Mail Armor
25:49 Scale Barding Armor
26:05 Hand Cart
34:05 Imperial Age
35:06 Bloodlines
34:17 Cavalier
36:13 Iron Casting
35:58 Bow Saw
36:23 Crop Rotation
36:45 Stone Shaft Mining
37:46 Two-Man Saw
37:28 Conscription
37:47 Hoardings
38:44 Ironclad
40:12 Elite Teutonic Knight
42:19 Chemistry
41:30 Masonry
43:42 Blast Furnace
42:43 Scale Mail Armor
45:59 Crenellations
46:30 Crenellations
Olmi
2:06 Loom
11:46 Feudal Age
12:47 Horse Collar
12:55 Double-Bit Axe
18:26 Castle Age
19:31 Heavy Plow
19:28 Gold Mining
19:51 Bow Saw
21:04 Wheelbarrow
25:00 Forging
24:55 Scale Barding Armor
24:54 Scale Mail Armor
24:58 Squires
25:39 Hand Cart
29:38 Iron Casting
29:19 Chain Mail Armor
30:01 Fletching
29:36 Pikeman
31:38 Eupseong
35:10 Imperial Age
33:32 Bodkin Arrow
34:22 Ballistics
34:15 Masonry
34:07 Murder Holes
34:09 Town Watch
36:05 Bracer
36:21 Elite War Wagon
39:33 Plate Mail Armor
38:34 Halberdier
42:13 Scale Barding Armor
41:56 Treadmill Crane
42:29 Siege Engineers
42:16 Arrowslits
45:00 Shinkichon
Arttu
11:56 Feudal Age
13:14 Double-Bit Axe
13:13 Horse Collar
16:10 Castle Age
16:44 Forging
16:36 Champi Runner
17:17 Squires
19:01 Forging
19:19 Champi Warrior
21:16 Iron Casting
24:37 Wheelbarrow
36:29 Imperial Age
35:57 Scale Mail Armor
35:48 Fletching
38:50 Chain Mail Armor
38:31 Bodkin Arrow
38:36 Padded Archer Armor
38:50 Elite Kamayuk
39:51 Conscription
39:35 Capped Ram
40:49 Hand Cart
40:19 Loom
40:48 Elite Champi Warrior
42:14 Town Watch
43:07 Siege Ram
46:50 Blast Furnace
46:20 Plate Mail Armor
45:51 Bracer
46:06 Leather Archer Armor
Connection lost

Rejoining the realm…

Still unreachable

The connection could not be restored.

Session expired

The server has moved on; the page needs a fresh start.